 Dungeon Sprint DCSS version 0.21.0-3-g78d12a8 (webtiles) character file.

134 wojtek the Cleaver (level 4, -4/45 HPs)
             Began as a Minotaur Berserker on Jan 13, 2018.
             Was a Priest of Trog.
             Killed by divine providence
             ... invoked by a smoke demon
             ... summoned by a kobold demonologist
              (13 damage)
             ... in the Dungeon (Sprint III: "The Ten Rune Challenge").
             The game lasted 00:00:52 (749 turns).

wojtek the Cleaver (Minotaur Berserker)              Turns: 749, Time: 00:00:53

Health: -4/45      AC:  2    Str: 22    XL:     4   Next: 95%
Magic:  3/3        EV: 14    Int:  4    God:    Trog [***...]
Gold:   28         SH:  0    Dex: 10    Spells: 3/3 levels left

rFire    . . .     SeeInvis .   a - +0 hand axe
rCold    . . .     Gourm    .   (no shield)
rNeg     . . .     Faith    .   b - +0 animal skin
rPois    .         Spirit   .   (helmet restricted)
rElec    .         Reflect  .   (no cloak)
rCorr    .         Harm     .   (no gloves)
MR       .....     NoTele   +   (no boots)
Stlth    +.........             (no amulet)
HPRegen  0.15/turn              (no ring)
MPRegen  0.08/turn              (no ring)

@: liquid flames, slowed, glowing, very slow
A: retaliatory headbutt, horns 2
a: Berserk, Trog's Hand, Burn Spellbooks, Renounce Religion


You were in the Dungeon.
You worshipped Trog.
Trog was most pleased with you.
You were very hungry.

You visited 1 branch You collected 28 gold pieces.

Inventory:

Hand Weapons
 a - a +0 hand axe (weapon)
Armour
 b - a +0 animal skin (worn)
Scrolls
 i - a scroll of blinking
 k - a scroll of immolation {unknown}
 l - a scroll of enchant weapon {unknown}
 m - 3 scrolls of remove curse
 o - a scroll of holy word {unknown}
 p - a scroll of identify {unknown}
Potions
 d - a potion of curing
 e - a potion of heal wounds
 f - a potion of haste
 g - 2 potions of magic
 h - 2 potions of berserk rage
 j - 3 potions of mutation {unknown}
 n - 2 potions of cancellation {unknown}
 q - 2 potions of flight
Comestibles
 c - 4 rations


   Skills:
 + Level 6.4 Fighting
 * Level 8.3 Axes
 + Level 5.7 Armour
 + Level 5.2 Dodging


You had 3 spell levels left.
You didn't know any spells.

Dungeon Overview and Level Annotations

Branches:
Dungeon (1/1)

Altars:
Kikubaaqudgha
Sif Muna
Vehumet


Innate Abilities, Weirdness & Mutations

You reflexively headbutt those who attack you in melee.
You have a pair of horns on your head.


Message History

The smoke demon gestures at you. The sticky flame hits you!
You are covered in liquid flames!
You barely miss the wizard. Your headbutt misses the wizard.
The wizard is heavily wounded.
You are covered in liquid flames!
The wizard casts a spell at you.
You feel yourself slow down.
You barely miss the wizard.
The wizard is heavily wounded.
You hit the smoke demon.
You are covered in liquid flames!
The kobold demonologist casts a spell.
The wizard completely misses you. The smoke demon hits you. x3
* * * LOW HITPOINT WARNING * * *
The wizard hits you with a dagger.
* * * LOW HITPOINT WARNING * * *
The smoke demon gestures at you. Something smites you!
You die...

#..#......♣ ♣♣.#
####....♣♣♣ ♣..#
...#....≈♣♣♣♣..###+#+###
...#...≈≈..♣♣..#........
...#†.≈≈≈≈..♣..'.⌠......
##'#..≈≈≈≈≈≈♣..#...####
...#.≈≈≈≈≈≈....#.⌠.#
...#.≈≈≈≈≈.....#...#
...#.≈≈≈.......#@###
####...........#3pK#
...............#_55#
▓▓▓▓▓▓▓▓▓▓▓▓▓▓▓▓▓▓▓▓


You could see a wizard, a kobold demonologist, a smoke demon, an iron imp and an
ufetubus.

Vanquished Creatures
  A water elemental (D)
  A scorpion (D)
  A human (D)
  An ooze (D)
  3 rats (D)
7 creatures vanquished.

Vanquished Creatures (others)
  2 draconian scorchers (D)
  A hydra (D)
  6 hellions (D)
  A yaktaur (D)
  5 plants (D)
15 creatures vanquished.

Grand Total: 22 creatures vanquished

Notes
Turn   | Place    | Note
-------+----------+-------------------------------------------
     0 | D        | wojtek the Minotaur Berserker began the quest for the Orb.
     0 | D        | Reached XP level 1. HP: 19/19 MP: 0/0
     6 | D        | Reached skill level 4 in Axes
    97 | D        | Killed a hellion
   102 | D        | Reached ** piety under Trog
   115 | D        | Killed a hellion
   117 | D        | Killed a hellion
   118 | D        | Killed a hellion
   143 | D        | Reached skill level 5 in Axes
   143 | D        | Reached XP level 2. HP: 16/28 MP: 1/1
   158 | D        | Killed a hellion
   160 | D        | Killed a hellion
   173 | D        | Killed a white draconian scorcher
   200 | D        | Killed a white draconian scorcher
   238 | D        | Killed a six-headed hydra
   293 | D        | Killed a yaktaur
   313 | D        | Noticed a scorpion
   321 | D        | Killed a scorpion
   321 | D        | Reached skill level 5 in Fighting
   321 | D        | Reached skill level 7 in Axes
   321 | D        | Reached XP level 3. HP: 23/36 MP: 2/2
   321 | D        | Reached XP level 4. HP: 26/42 MP: 3/3
   513 | D        | Noticed a water elemental
   520 | D        | Killed a water elemental
   520 | D        | Reached *** piety under Trog
   520 | D        | Reached skill level 8 in Axes
   520 | D        | Reached skill level 5 in Armour
   520 | D        | Reached skill level 5 in Dodging
   744 | D        | Found a radiant altar of Vehumet.
   744 | D        | Found a deep blue altar of Sif Muna.
   744 | D        | Found an ancient bone altar of Kikubaaqudgha.
   744 | D        | Noticed a wizard
   746 | D        | Noticed a smoke demon
   749 | D        | Killed from afar by a smoke demon

Skill      XL: |  1  2  3  4 |
---------------+-------------+-----
Fighting       | 4 5 6 |  6.4
Axes           | 5 7 8 |  8.3
Armour         | 3 4 5 |  5.7
Dodging        | 3 4 5 |  5.2

Action                   |  1- 3 |  4- 6 || total
-------------------------+-------+-------++-------
Melee: Hand axe          |    24 |     9 ||    33
       Headbutt          |     3 |     2 ||     5
Invok: Berserk           |     1 |     1 ||     2
 Stab: Sleeping          |     1 |       ||     1
Armor: Animal skin       |     1 |     1 ||     2
Dodge: Dodged            |    10 |     3 ||    13
